 Dungeon Crawl Stone Soup version 0.29-a0-330-g52719c12eb (webtiles) character file.

Game seed: 10047870491337197188

67 Crownlay the Firebug (level 4, -4/32 HPs)
             Began as a Gnoll Fire Elementalist on May 1, 2022.
             Engulfed by a cloud of flame (27 damage)
             ... on level 2 of the Dungeon.
             The game lasted 00:05:12 (2000 turns).

Crownlay the Firebug (Gnoll Fire Elementalist)      Turns: 2000, Time: 00:05:13

Health: -4/32      AC:  2    Str:  7    XL:     4   Next: 16%
Magic:  0/11       EV: 13    Int: 16    God:
Gold:   89         SH:  0    Dex: 13    Spells: 4/13 levels left

rFire   . . .      SeeInvis .   f - +0 mace (protect)
rCold   . . .      Faith    .   (no shield)
rNeg    . . .      Spirit   .   a - +0 robe
rPois   .          Reflect  .   (no helmet)
rElec   .          Harm     .   (no cloak)
rCorr   .          Rampage  .   (no gloves)
Will    .....                   (no boots)
Stlth   +++.......              (no amulet)
HPRegen 0.10/turn               (no ring)
MPRegen 0.12/turn               (no ring)

@: no status effects
A: fangs 1, strong nose, distributed training
a: no special abilities


You were on level 2 of the Dungeon.
You visited 1 branch of the dungeon, and saw 2 of its levels.

You collected 89 gold pieces.

Inventory:

Hand Weapons
 f - a +0 mace of protection (weapon)
Armour
 a - a +0 robe (worn)
Scrolls
 c - a scroll of noise {unknown}
 e - a scroll of amnesia {unknown}
 g - a scroll of fog {unknown}
Potions
 b - a potion of magic
 d - a potion of mutation {unknown}


   Skills:
 + Level 1.0 Fighting
 + Level 1.0 Short Blades
 + Level 1.0 Long Blades
 + Level 1.0 Axes
 + Level 1.0 Maces & Flails
 + Level 1.0 Polearms
 + Level 1.0 Staves
 + Level 1.0 Slings
 + Level 1.0 Bows
 + Level 1.0 Crossbows
 + Level 1.0 Throwing
 + Level 1.0 Armour
 + Level 4.6 Dodging
 + Level 4.2 Stealth
 + Level 1.0 Shields
 + Level 1.0 Unarmed Combat
 + Level 5.0 Spellcasting
 + Level 2.2 Conjurations
 + Level 0.8 Hexes
 + Level 0.8 Summonings
 + Level 0.8 Necromancy
 + Level 0.8 Translocations
 + Level 0.8 Transmutations
 + Level 5.4 Fire Magic
 + Level 0.8 Ice Magic
 + Level 0.8 Air Magic
 + Level 0.8 Earth Magic
 + Level 0.8 Poison Magic
 + Level 1.1 Invocations
 + Level 1.0 Evocations


You had 4 spell levels left.
You knew the following spells:

 Your Spells              Type           Power      Damage    Failure   Level
a - Foxfire               Conj/Fire      64%        2x1d7     3%          1
b - Scorch                Fire           42%        2d7       2%          2
c - Conjure Flame         Conj/Fire      16%        6-21      10%         3
d - Inner Flame           Hex/Fire       14%        N/A       13%         3

Your spell library contained the following spells:

 Spells                   Type           Power      Damage    Failure   Level
 Flame Wave               Conj/Fire      16%        2d6       30%         4
 Ozocubu's Armour         Ice            6%         N/A       32%         3
 Metabolic Englaciation   Hex/Ice        3%         N/A       96%         5
 Simulacrum               Ice/Necr       3%         N/A       100%        6


Dungeon Overview and Level Annotations

Branches:
Dungeon (2/15)

Altars:


Innate Abilities, Weirdness & Mutations

You have very sharp teeth.
Your uncanny sense of smell can sniff out nearby items.
Your experience applies equally to all skills.


Message History

You kill the kobold!
Things that are here:
a +0 short sword; 3 stones
Found a stone staircase leading down.
There is a stone staircase leading down here.
g - a scroll labelled GORUGR ARICH A ball python comes into view.
Found 3 gold pieces.
The ball python hisses angrily.
You hear an angry hiss.
An adder comes into view.
You conjure some foxfire!
The foxfire hits the ball python.
You kill the ball python!
You conjure some foxfire!
The foxfire hits the adder.
The adder is lightly wounded.
The foxfire hits the adder.
The adder is moderately wounded.
You conjure some foxfire!
The adder completely misses you.
The foxfire hits the adder.
The adder is heavily wounded.
The adder bites you. The adder closely misses you. x2
Casting: Foxfire (safe; 3% risk of failure)
Confirm with . or Enter, or press ? or * to list all spells.
Okay, then.
Casting: Foxfire (safe; 3% risk of failure)
Confirm with . or Enter, or press ? or * to list all spells.
The spell is quite dangerous to miscast (10% risk of failure)!
Continue anyway?
The fire begins to smoulder!
The adder bites you. The adder bites you.
The adder smothers the flame.
Casting: Conjure Flame (quite dangerous; 10% risk of failure)
Confirm with . or Enter, or press ? or * to list all spells.
The spell is quite dangerous to miscast (10% risk of failure)!
Continue anyway?
The fire begins to smoulder!
The adder bites you.
Casting: Conjure Flame (quite dangerous; 10% risk of failure)
Confirm with . or Enter, or press ? or * to list all spells.
The spell is quite dangerous to miscast (10% risk of failure)!
Continue anyway?
The fire ignites!
You are engulfed in blazing flames.
Ouch! That really hurt!
You die...

#.# ..#
#......
#.# ###
###.)##
#.# #..#
#.# #..#
#.# #.:##
#>#
##....
#.#
#.....
#.#
#.#.##
#@# #.#.#
. #S#
#.#.##
#...###.#
#.#...
#.$...#
#.####
#...#####
#.# ..
#.#


You could see an adder.

Vanquished Creatures
  A gnoll (D:1)
  An adder (D:2)
  A dart slug (D:1)
  6 endoplasms (D:1)
  2 giant cockroaches (D:1)
  A goblin (D:1)
  3 hobgoblins
  10 jackals (D:1)
  2 quokkas (D:1)
  3 ball pythons
  2 bats (D:1)
  4 frilled lizards (D:1)
  4 kobolds
  A rat (D:1)
41 creatures vanquished.

Vanquished Creatures (others)
  124 foxfires
124 creatures vanquished.

Grand Total: 165 creatures vanquished

Notes
Turn   | Place    | Note
-------+----------+-------------------------------------------
     0 | D:1      | Crownlay the Gnoll Fire Elementalist began the quest for
                  | the Orb.
     0 | D:1      | Reached XP level 1. HP: 13/13 MP: 6/6
   203 | D:1      | Reached XP level 2. HP: 19/19 MP: 2/7
   643 | D:1      | Reached XP level 3. HP: 25/25 MP: 5/9
   646 | D:1      | Learned a level 2 spell: Scorch
   650 | D:1      | Learned a level 3 spell: Conjure Flame
   654 | D:1      | Learned a level 3 spell: Inner Flame
   693 | D:1      | Reached skill level 5 in Spellcasting
   765 | D:1      | Reached skill level 1 in Invocations
  1228 | D:1      | Reached skill level 1 in Fighting
  1228 | D:1      | Reached skill level 1 in Short Blades
  1228 | D:1      | Reached skill level 1 in Long Blades
  1228 | D:1      | Reached skill level 1 in Axes
  1228 | D:1      | Reached skill level 1 in Maces & Flails
  1228 | D:1      | Reached skill level 1 in Polearms
  1228 | D:1      | Reached skill level 1 in Staves
  1228 | D:1      | Reached skill level 1 in Slings
  1228 | D:1      | Reached skill level 1 in Bows
  1228 | D:1      | Reached skill level 1 in Crossbows
  1228 | D:1      | Reached skill level 1 in Throwing
  1228 | D:1      | Reached skill level 1 in Armour
  1228 | D:1      | Reached skill level 1 in Shields
  1228 | D:1      | Reached skill level 1 in Unarmed Combat
  1228 | D:1      | Reached skill level 1 in Evocations
  1866 | D:2      | Reached XP level 4. HP: 31/32 MP: 7/11
  2000 | D:2      | Engulfed by a cloud of flame

Illustrated notes

Levels and vault maps discovered:
D:1:      minmay_arrival_jagged, layout_basic, minmay_bisected
D:2:      layout_loops_ring, uniq_sigmund

Skill      XL: |  1  2  3 |
---------------+----------+-----
Conjurations   | 2 |  2.2
Spellcasting   | 5 |  5.0
Invocations    | 1 |  1.1
Fighting       | 1 |  1.0
Short Blades   | 1 |  1.0
Long Blades    | 1 |  1.0
Axes           | 1 |  1.0
Maces & Flails | 1 |  1.0
Polearms       | 1 |  1.0
Staves         | 1 |  1.0
Slings         | 1 |  1.0
Bows           | 1 |  1.0
Crossbows      | 1 |  1.0
Throwing       | 1 |  1.0
Armour         | 1 |  1.0
Shields        | 1 |  1.0
Unarmed Combat | 1 |  1.0
Evocations     | 1 |  1.0
Dodging        | |  4.6
Stealth        | |  4.2
Hexes          | |  0.8
Summonings     | |  0.8
Necromancy     | |  0.8
Translocations | |  0.8
Transmutations | |  0.8
Fire Magic     | |  5.4
Ice Magic      | |  0.8
Air Magic      | |  0.8
Earth Magic    | |  0.8
Poison Magic   | |  0.8

Action                   |  1- 3 |  4- 6 || total
-------------------------+-------+-------++-------
Melee: Unarmed           |     5 |       ||     5
       Whip              |     3 |       ||     3
       Mace              |     2 |       ||     2
 Cast: Foxfire           |    73 |     4 ||    77
       Conjure Flame     |     1 |     3 ||     4
Armor: Robe              |     6 |       ||     6
Dodge: Dodged            |    24 |     4 ||    28

Table legend: (Time is in decaauts)
 A = Elapsed time spent in this place.
 B = Non-inter-level travel time spent in this place.
 C = Inter-level travel time spent in this place.
 D = Time resting spent in this place.
 E = Time spent auto-exploring this place.
 F = Levels seen in this place.
 G = Mean time per level.
                   A        B        C        D        E       F      G
               +--------+--------+--------+--------+--------+-----+--------+
         Total |   1999 |   1929 |     70 |      0 |   1673 |   2 |  999.5 |
       Dungeon |   1999 |   1929 |     70 |      0 |   1673 |   2 |  999.5 |
               +--------+--------+--------+--------+--------+-----+--------+

Top non-repeatable levels by time:
     D:1: 1688 daAuts
     D:2: 311 daAuts
